 Dungeon Crawl Stone Soup version 0.31.0-12-g77e489cdc1 (webtiles) character file.

Game seed: 15805547301139434218

137 Killerpretzel the Changeling (level 5, -1/34 HPs)
             Began as an Octopode Shapeshifter on Mar 2, 2024.
             Slain by an orc priest
             ... wielding a +0 club
              (5 damage)
             ... on level 3 of the Dungeon.
             The game lasted 00:02:20 (2181 turns).

Killerpretzel the Changeling (OpSh)                 Turns: 2181, Time: 00:02:21

Health: -1/34      AC:  1    Str: 14    XL:     5   Next: 20%
Magic:  5/5        EV: 18    Int: 12    God:
Gold:   58         SH:  0    Dex: 13    Spells: 4/4 levels left

rFire   . .          .
                       - Unarmed
rCold   . . .        (no shield)
rNeg    . . .        (helmet currently unavailable)
rPois   .            (no amulet)
rElec   .            i - +5 ring of evasion
rCorr   .            (no ring)
SInv    .            (no ring)
Will    .....        (no ring)
Stlth   ++           (no ring)
HPRegen 0.25/turn    (no ring)
MPRegen 0.09/turn    (no ring)
                     (no ring)

%: no passive effects
@: beast-form
A: beast (slay +2), almost no armour, amphibious, 8 rings, camouflage 1,
gelatinous body 1, (nimble swimmer 1), tentacles
a: Begin Untransformation


You were on level 3 of the Dungeon.
You were a hulking beast.
You visited 1 branch of the dungeon, and saw 3 of its levels.

You collected 58 gold pieces.

Inventory:

Jewellery
 i - a +5 ring of evasion (left tentacle)
Talismans
 b - a beast talisman
 c - a flux talisman
Scrolls
 d - a scroll of noise {unknown}
 h - a scroll of fear
 l - 2 scrolls of blinking
 m - 2 scrolls of enchant weapon
 n - a scroll of identify
 o - a scroll of teleportation {unknown}
 p - a scroll of fog {unknown}
Potions
 a - 2 potions of lignification
 e - 2 potions of heal wounds {unknown}
 f - 3 potions of enlightenment
 g - 3 potions of curing {unknown}
 j - a potion of might {unknown}
 k - a potion of mutation {unknown}


   Skills:
 + Level 2.2 Fighting
 + Level 2.9 Dodging
 + Level 3.6 Unarmed Combat
 * Level 4.1 Shapeshifting


You had 4 spell levels left.
You didn't know any spells.
Your spell library was empty.

Dungeon Overview and Level Annotations

Branches:
Dungeon (3/15)

Altars:

Annotations:
D:3 1 runed translucent door, DildoBatman's ghost, amateur FoCj


Innate Abilities, Weirdness & Mutations

You are a hulking beast.
Your limbs bulge with bestial killing power. (Slay +2)
You cannot wear most types of armour.
You are amphibious.
You can wear up to eight rings at the same time.
Your skin changes colour to match your surroundings (Stealth+).
Your rubbery body absorbs attacks. (AC +1, EV +1)
((You are camouflaged when in or above water. (Stealth+)))
You have tentacles for arms and can constrict up to eight enemies at once.


Message History

A quokka and an orc come into view.
An orc priest comes into view. It is wielding a +0 club.
An orc comes into view. It is wielding a +0 war axe.
A ribbon worm comes into view.
The orc shouts!
You closely miss the orc.
The orc priest shouts!
Your grab misses the orc. The orc hits you with a +0 hand axe.
You barely miss the orc. You grab the orc. You constrict the orc.
The orc misses you.
You barely miss the orc.
The orc is moderately wounded.
You constrict the orc. The orc completely misses you.
You completely miss the orc. You squeeze the orc, but do no damage.
The orc is heavily wounded.
You constrict the orc, but do no damage.
The orc completely misses you.
The orc priest calls down the wrath of Beogh upon you.
Beogh smites you!
You tentacle-slap the orc.
You kill the orc!
You bludgeon the quokka!
You kill the quokka!
The orc priest invokes the aid of Beogh against you.
Beogh smites you!
An orc comes into view. It is wielding a +0 club.
The orc shouts!
You bludgeon the orc!
You kill the orc!
You hear a shout!
You tentacle-slap the orc priest but do no damage.
Your grab misses the orc priest. The orc priest hits you with a +0 club.
You tentacle-slap the orc priest. You grab the orc priest.
The orc priest is heavily wounded.
You constrict the orc priest. The orc priest hits you with a +0 club.
* * * LOW HITPOINT WARNING * * *
You tentacle-slap the orc priest.
The orc priest is severely wounded.
You constrict the orc priest. The orc priest hits you with a +0 club.
You die...

># ##.# ## #.###
#...### ###.).#####
.. ###.....##
...####........#
........##########
#
........#####....#
.#
##...###...how....#
.####...#
######o$...#
..#.[.# #....#
#....# ....# #.<..#
...# ..##.# ...#
.<...# #### ###
###### ##..# #####
##..##


You could see a ribbon worm, an orc priest and an orc.

Vanquished Creatures
  A bombardier beetle (D:3)
  Robin (D:1)
  An adder (D:2)
  A dart slug (D:1)
  4 orcs (D:3)
  11 endoplasms
  5 giant cockroaches
  10 goblins
  8 hobgoblins
  3 jackals (D:2)
  A quokka (D:3)
  6 ball pythons
  4 bats
  2 frilled lizards
  7 kobolds
  6 rats
71 creatures vanquished.

Notes
Turn   | Place    | Note
-------+----------+-------------------------------------------
     0 | D:1      | Killerpretzel the Octopode Shapeshifter began the quest for
                  | the Orb.
     0 | D:1      | Reached XP level 1. HP: 13/13 MP: 1/1
   154 | D:1      | Reached XP level 2. HP: 13/18 MP: 2/2
   425 | D:1      | Reached XP level 3. HP: 23/23 MP: 3/3
   871 | D:2      | Noticed Robin
   957 | D:1      | Killed Robin
  1101 | D:2      | Reached XP level 4. HP: 29/29 MP: 4/4
  1859 | D:3      | Found a runed translucent door.
  1859 | D:3      | Noticed DildoBatman's ghost (amateur FoCj)
  1982 | D:3      | Reached skill level 4 in Shapeshifting
  1982 | D:3      | Reached XP level 5. HP: 32/34 MP: 5/5
  2181 | D:3      | Slain by an orc priest

Illustrated notes

Levels and vault maps discovered:
D:1:      evilmike_arrival_hilbert_curve, layout_basic, grunt_decor_arrowhead,
          chequers_serial_rivers_room_b
D:2:      layout_loops_corners, nrook_loot_triangle, minmay_misc_feat_encased,
          uniq_robin
D:3:      layout_rooms, old_standard_altar, trog_hazing_becter,
          hellmonk_ghost_happy_afterlife, minmay_misc_feat_columns

Skill      XL: |  1  2  3  4 |
---------------+-------------+-----
Fighting       | 2 |  2.2
Shapeshifting  | 4 |  4.1
Dodging        | |  2.9
Unarmed Combat | |  3.6

Action                     |  1- 3 |  4- 6 || total
---------------------------+-------+-------++-------
  Melee: Unarmed           |    66 |    63 ||   129
         Tentacles         |    14 |     9 ||    23
         Constrict         |    17 |    19 ||    36
         Punch             |     2 |     2 ||     4
    Use: Scroll            |     1 |     3 ||     4
   Stab: Sleeping          |     6 |     8 ||    14
         Distracted        |       |     1 ||     1
 Armour: Skin              |    27 |    20 ||    47
  Dodge: Dodged            |    40 |    32 ||    72
